 Dungeon Crawl Stone Soup version 0.17-a0-2093-gc772f4b (webtiles) character file.

35 derrpe the Conjurer (level 3, 0/19 HPs)
             Began as a Tengu Wizard on Oct 16, 2015.
             Succumbed to an adder's poison
             ... on level 2 of the Dungeon.
             The game lasted 00:01:58 (1447 turns).

derrpe the Conjurer (Tengu Wizard)                  Turns: 1447, Time: 00:01:58

Health: 0/19       AC:  2    Str:  7    XL:     3   Next: 33%
Magic:  0/8        EV: 12    Int: 21    God:
Gold:   74         SH:  0    Dex: 12    Spells: 1 memorised, 7 levels left

rFire  . . .     SeeInvis +     n - +0 short sword
rCold  . . .     Clarity  .     a - +0 robe
rNeg   . . .     SustAt   .     (no shield)
rPois  .         Gourm    .     b - +0 hat
rElec  .         Spirit   .     (no cloak)
rCorr  .         Warding  .     (no gloves)
rMut   .         Stasis   .     (boots unavailable)
MR     .....                    (no amulet)
Stlth  ++........               e - ring of see invisible
                                j - +2 ring of intelligence

@: lethally poisoned (0 -> -5), not resistant to hostile enchantments,
unstealthy
A: beak, talons 3
a: no special abilities


You were on level 2 of the Dungeon.
You were not hungry.

You visited 1 branch of the dungeon, and saw 2 of its levels.

You collected 74 gold pieces.

Inventory:

Hand Weapons
 n - a +0 short sword (weapon)
Missiles
 i - a tomahawk (quivered)
 l - 99 stones
Armour
 a - a +0 robe (worn)
 b - a +0 hat (worn)
Jewellery
 e - a ring of see invisible (right hand)
 j - a +2 ring of intelligence (left hand)
 p - an uncursed amulet of rage {unknown}
Scrolls
 f - 2 scrolls of magic mapping {unknown}
 h - 2 scrolls of teleportation {unknown}
 k - 2 scrolls of identify {unknown}
 m - a scroll of fear {unknown}
Books
 c - a book of Minor Magic

   Spells                             Type                      Level
   a - Magic Dart                     Conjuration                  1
   b - Blink                          Translocation                2
   c - Call Imp                       Summoning                    2
   d - Repel Missiles                 Charms/Air                   2
   e - Slow                           Hexes                        2
   f - Conjure Flame                  Conjuration/Fire             3
   g - Mephitic Cloud                 Conjuration/Poison/Air       3
Comestibles
 d - a bread ration {@e1}
 g - a slice of pizza
 o - a chunk of flesh {@w0}


   Skills:
 - Level 2.1 Dodging
 - Level 2.0 Stealth
 + Level 3.2 Spellcasting
 * Level 3.7 Conjurations
   Level 1.2 Summonings
   Level 0.7 Translocations


You had 7 spell levels left.
You knew the following spells:

 Your Spells              Type           Power        Failure   Level  Hunger
a - Magic Dart            Conj           ###.         2%          1    None


Dungeon Overview and Level Annotations

Branches:
Dungeon (2/15)

Altars:
Xom


Innate Abilities, Weirdness & Mutations

You have a beak for a mouth.
You have claws for feet.


Message History

You throw a tomahawk. The tomahawk closely misses the jackal.
* * * LOW HITPOINT WARNING * * *
You feel sick. The adder bites you.
* * * LOW HITPOINT WARNING * * *
The jackal bites you but does no damage.
The adder completely misses you. The jackal barely misses you.
Throwing (i - inventory. (,) - cycle):
i - 2 tomahawks (quivered)
Press: ? - help, Shift-Dir - straight line, f/p - jackal
Aim: a jackal (severely wounded)
You throw a tomahawk. The tomahawk closely misses the jackal.
The adder bites you but does no damage.
The jackal bites you but does no damage.
Casting: Magic Dart
Confirm with . or Enter, or press ? or * to list all spells.
Aiming: Magic Dart
Press: ? - help, Shift-Dir - straight line, f/p - jackal
Aim: a jackal (severely wounded)
The magic dart hits the jackal.
The jackal is severely wounded.
You die...

... .........##......
.... #.....!.##....##
.....##.......##....#
..............####.##
#...!†..)....####.#
#.....#.........#.#
#######.........#.#
##########...†.....#.#
......S@h.....(......#
##########...........###
+.........#....
#>........#....
#.........##..<
#.........##.##
#.........##..
#########.###.# ..


You could see an adder and a jackal.

Vanquished Creatures
  A ball python (D:2)
  6 bats (D:1)
  A giant cockroach (D:1)
  3 hobgoblins (D:1)
  2 giant newts
  7 goblins
  6 jackals
  4 kobolds
  4 rats
34 creatures vanquished.

Notes
Turn   | Place    | Note
--------------------------------------------------------------
     0 | D:1      | derrpe the Tengu Wizard began the quest for the Orb.
     0 | D:1      | Reached XP level 1. HP: 10/10 MP: 5/5
   253 | D:1      | Reached XP level 2. HP: 15/15 MP: 2/7
   906 | D:1      | Reached XP level 3. HP: 19/19 MP: 1/8
  1246 | D:2      | Found a shimmering altar of Xom.
  1447 | D:2      | Succumbed to an adder's poison

Vault maps used:
D:1:      minmay_arrival_cross, minmay_cut_off
D:2:      xom_teletrap_fun, uniq_sigmund

Action                   || total
-------------------------++-------
Melee: Short sword       ||     2
Throw: Tomahawk          ||    10
 Cast: Magic Dart        ||    73
  Eat: Chunk             ||     1
